 Dungeon Crawl Stone Soup version 0.30-a0-469-g84de5afbc5 (webtiles) character file.

Game seed: 15812359169265745182

5077 Colgate the Thaumaturge (level 10, -3/46 HPs)
             Began as a Deep Elf Conjurer on Dec 19, 2022.
             Was a Priest of Hepliaklqana.
             Killed by an exploding fulminant prism (20 damage)
             ... on level 9 of the Dungeon.
             The game lasted 00:45:58 (11154 turns).

Colgate the Thaumaturge (Deep Elf Conjurer)        Turns: 11154, Time: 00:45:59

Health: -3/46      AC:  8    Str:  4    XL:     10   Next: 31%
Magic:  7/37       EV: 12    Int: 28    God:    Hepliaklqana [***...]
Gold:   134        SH:  0    Dex: 13    Spells: 20/33 levels left

rFire   + . .      SeeInvis .    a - +1 long sword "Suat" {venom, rCorr}
rCold   . . .      Faith    .    (no shield)
rNeg    . . .      Spirit   .    t - +1 robe of the Bells {rElec rF+}
rPois   .          Reflect  .    u - +2 helmet
rElec   +          Harm     .    C - +1 cloak
rCorr   +          Rampage  .    (no gloves)
Will    +....                    (no boots)
Stlth   ++........               (no amulet)
HPRegen 0.27/turn                q - ring of magical power
MPRegen 0.25/turn                (no ring)

@: no status effects
A: reduced essence
a: Renounce Religion, Recall Ancestor, Ancestor Identity, Transference


You were on level 9 of the Dungeon.
You worshipped Hepliaklqana.
Hepliaklqana was most pleased with you.
You visited 2 branches of the dungeon, and saw 10 of its levels.

You collected 418 gold pieces.
You spent 284 gold pieces at shops.

Inventory:

Hand Weapons
 a - the +1 long sword "Suat" (weapon) {venom, rCorr}
   (You found it on level 3 of the Dungeon)

   It poisons the flesh of those it strikes.
   rCorr:     It protects you from acid and corrosion.
 y - a +1 war axe of draining
Missiles
 w - 6 curare-tipped darts
Armour
 t - the +1 robe of the Bells (worn) {rElec rF+}
   (You bought it in a shop on level 2 of the Dungeon)

   rF:        It protects you from fire.
   rElec:     It insulates you from electricity.
 u - a +2 helmet (worn)
 v - a +2 robe of positive energy
 z - the +1 ring mail "Jickerghecu" {rPois Regen+ Int-3 SInv}
   (You took it off a goblin on level 4 of the Dungeon)

   Int:       It affects your intelligence (-3).
   rPois:     It protects you from poison.
   SInv:      It lets you see invisible.
   Regen:     It increases your rate of health regeneration.
 C - a +1 cloak (worn)
Magical Staves
 f - a staff of death
Jewellery
 q - a ring of magical power (left hand)
Wands
 c - a wand of light (10) {@v1}
 m - a wand of polymorph (22)
 r - a wand of mindburst (9)
 G - a wand of digging (2) {@v3}
 I - a wand of charming (13)
 J - a wand of roots (5) {@v2}
Scrolls
 e - a scroll of immolation
 g - 2 scrolls of teleportation {@r3}
 j - 2 scrolls of magic mapping {@r5}
 l - 2 scrolls of blinking {@r4}
 n - a scroll of noise {unknown}
 o - 2 scrolls of fog
 p - a scroll of poison {unknown}
 x - a scroll of butterflies {unknown}
 A - a scroll of torment {unknown}
 B - a scroll of vulnerability {unknown}
 K - a scroll of amnesia {unknown}
 L - a scroll of silence {unknown}
Potions
 b - 2 potions of magic
 d - 2 potions of curing {@q1}
 h - 4 potions of heal wounds {@q2}
 i - 3 potions of flight
 k - 2 potions of mutation
 s - 3 potions of lignification
 D - a potion of berserk rage
 E - a potion of attraction {unknown}
 F - 3 potions of ambrosia
 H - 3 potions of haste {unknown}


   Skills:
 - Level 1.0 Fighting
 - Level 2.4 Dodging
 - Level 2.4 Stealth
 - Level 12.1 Spellcasting
 - Level 6.0 Conjurations
 - Level 5.1 Hexes
 - Level 1.2 Translocations
 + Level 6.2 Transmutations
 - Level 8.6 Air Magic
 - Level 2.8 Evocations


You had 20 spell levels left.
You knew the following spells:

 Your Spells              Type           Power      Damage    Failure   Level
a - Magic Dart            Conj           100%       1d8       1%          1
b - Searing Ray           Conj           100%       2d8       1%          2
c - Fulminant Prism       Conj/Hex       24%        3d12      3%          4
d - Iskenderun's Mystic   Conj/Tloc      37%        2d9       8%          4
e - Blink                 Tloc           46%        N/A       3%          2

Your spell library contained the following spells:

 Spells                   Type           Power      Damage    Failure   Level
 Cigotuvi's Dreadful Rot  Necr/Pois/Air  66%        N/A       1%          2
 Poisonous Vapours        Pois/Air       82%        N/A       1%          2
 Dazzling Flash           Conj/Hex       96%        N/A       1%          3
 Mephitic Cloud           Conj/Pois/Air  44%        N/A       1%          3
 Kindle Blastsparks       Fire/Tloc/Air  70%        2d15      2%          3
 Gell's Gravitas          Tloc           23%        N/A       6%          3
 Teleport Other           Tloc           23%        N/A       6%          3
 Manifold Assault         Tloc           23%        N/A       19%         4
 Lee's Rapid Deconstruct  Erth           8%         3d7*      65%         5
 Storm Form               Tmut/Air       27%        N/A       78%         7
 Dispersal                Tloc           11%        N/A       96%         6


Dungeon Overview and Level Annotations

Branches:
Dungeon (9/15)             Temple (1/1) D:4            Lair (0/5) D:8
    Orc: D:9-12

Altars:
Ashenzari
Cheibriados
Dithmenos
Elyvilon
Fedhas
Gozag
Hepliaklqana
Kikubaaqudgha
Makhleb
Nemelex Xobeh
Okawaru
Qazlal
Ru
Sif Muna
Trog
Vehumet
Wu Jian
Xom
Yredelemnul
Zin
The Shining One

Shops:
D:2 [   D:7 ?   D:8 *


Message History

The mystic blast hits the wight!
The wight is knocked back by the mystic blast.
The yak gores you!
Casting: Iskenderun's Mystic Blast (quite dangerous; 8% risk of failure)
You erupt in a blast of force!
Khalidah avoids your attack.
The mystic blast hits the yak!
The yak is knocked back by the mystic blast.
Casting: Iskenderun's Mystic Blast (quite dangerous; 8% risk of failure)
You erupt in a blast of force!
The mystic blast hits the yak.
The yak is knocked back by the mystic blast.
The yak slams into the rock wall!
The mystic blast hits the wight.
The wight is knocked back by the mystic blast.
The mystic blast hits the wight.
The wight is knocked back by the mystic blast.
Casting: Iskenderun's Mystic Blast (quite dangerous; 8% risk of failure)
You erupt in a blast of force!
The mystic blast hits the yak!
The yak is knocked back by the mystic blast.
Casting: Iskenderun's Mystic Blast (quite dangerous; 8% risk of failure)
You erupt in a blast of force!
The mystic blast hits the yak!
You kill the yak!
Khalidah hits the wight with a +0 flail!
The wight is destroyed!
Casting: Iskenderun's Mystic Blast (quite dangerous; 8% risk of failure)
You erupt in a blast of force!
The mystic blast hits the yak!
Casting: Iskenderun's Mystic Blast (quite dangerous; 8% risk of failure)
You erupt in a blast of force!
The mystic blast hits the wight!
You destroy the wight!
The mystic blast hits the yak!
The yak is knocked back by the mystic blast.
Casting: Iskenderun's Mystic Blast (quite dangerous; 8% risk of failure)
Aiming: Fulminant Prism (dangerous; 3% risk of failure)
You conjure a prism of explosive energy!
A fulminant prism comes into view.
Khalidah hits the yak with a +0 flail.
The yak dies!
Your Transmutations skill increases to level 6!
Your fulminant prism crackles loudly.
Your fulminant prism explodes!
Khalidah avoids your attack. The blast of energy engulfs you!!
You die...

#..........#
.#..........#
............#
#.)......$.#
.#..........#
.......†...##
#.....R....#
#...).@....#
#..........#
.........†..#
............#
..#........##
# ##......##
########


You could see the friendly Khalidah the knight.

Vanquished Creatures
  Pikel (D:5)
  Maurice (D:8)
  Joseph (D:8)
  A troll (D:8)
  4 yaks
  Menkaure (D:5)
  A water moccasin (D:6)
  An orc warrior (D:8)
  A wolf (D:8)
  An ogre (D:6)
  A phantom (D:4)
  2 scorpions (D:4)
  2 wights
  Dowan (D:5)
  3 electric eels (D:8)
  8 hounds
  A jelly (D:7)
  4 orc priests
  3 iguanas
  Ijyb (D:3)
  Natasha (thrice) (D:2)
  6 orc wizards
  7 gnolls
  4 adders
  A shadow imp (D:5)
  A white imp (D:8)
  2 ufetubi
  5 dart slugs
  21 orcs
  5 bats
  11 endoplasms
  A giant cockroach (D:4)
  9 goblins
  6 hobgoblins
  8 jackals
  5 quokkas
  11 ball pythons
  2 frilled lizards
  14 kobolds
  4 rats
165 creatures vanquished.

Vanquished Creatures (collateral kills)
  4 yaks
  A water moccasin (D:8)
  Duvessa (D:5)
  2 ice beasts
  A centaur (D:8)
  A kobold brigand (D:8)
  A gnoll sergeant (D:7)
  A wight (D:9)
  2 hounds (D:8)
  Crazy Yiuf (D:5)
  An orc wizard (D:5)
  A gnoll (D:7)
  A worm (D:5)
  3 orcs (D:8)
  A quokka (D:4)
  A kobold (D:8)
23 creatures vanquished.

Vanquished Creatures (others)
  2 knights (D:8)
  119 fulminant prisms
  3 fungi (D:6)
124 creatures vanquished.

Grand Total: 312 creatures vanquished

Notes
Turn   | Place    | Note
-------+----------+-------------------------------------------
     0 | D:1      | Colgate the Deep Elf Conjurer began the quest for the Orb.
     0 | D:1      | Reached XP level 1. HP: 10/10 MP: 6/6
   301 | D:1      | Reached XP level 2. HP: 15/15 MP: 2/8
   302 | D:1      | Reached skill level 5 in Conjurations
   305 | D:1      | Learned a level 2 spell: Searing Ray
  1044 | D:1      | Reached XP level 3. HP: 19/19 MP: 5/9
  2042 | D:2      | Noticed Natasha
  2045 | D:2      | Killed Natasha
  2046 | D:2      | Reached XP level 4. HP: 24/24 MP: 5/11
  2051 | D:2      | Learned a level 4 spell: Fulminant Prism
  2247 | D:2      | Found Luit's Antique Armour Emporium.
  2252 | D:2      | Reached skill level 4 in Spellcasting
  2355 | D:2      | Reached skill level 1 in Hexes
  2424 | D:2      | Noticed Natasha
  2428 | D:2      | Killed Natasha
  2433 | D:2      | Noticed Natasha
  2439 | D:2      | Killed Natasha
  2440 | D:2      | Reached XP level 5. HP: 24/28 MP: 1/13
  2810 | D:3      | Noticed Ijyb
  2819 | D:3      | Killed Ijyb
  3000 | D:3      | Identified the +1 long sword "Suat" {venom, rCorr}
  3027 | D:2      | Bought a brightly glowing robe for 142 gold pieces
  3027 | D:2      | Identified the +1 robe of the Bells {rElec rF+} (You bought
                  | it in a shop on level 2 of the Dungeon)
  3582 | D:4      | Found a staircase to the Ecumenical Temple.
  3606 | Temple   | Entered the Ecumenical Temple
  4267 | Temple   | Became a worshipper of Hepliaklqana the Forgotten
  4367 | D:4      | Reached skill level 5 in Hexes
  4389 | D:4      | You fall into a shaft and drop 3 floors!
  4400 | D:7      | Reached skill level 1 in Translocations
  4400 | D:7      | Reached XP level 6. HP: 32/32 MP: 14/14
  4405 | D:7      | Learned a level 4 spell: Iskenderun's Mystic Blast
  4472 | D:7      | Found Qagaeph's Magic Scroll Shoppe.
  4597 | D:6      | Noticed a water moccasin
  4658 | D:6      | Reached skill level 5 in Spellcasting
  4842 | D:6      | Reached skill level 6 in Spellcasting
  5069 | D:6      | Reached XP level 7. HP: 36/36 MP: 19/19
  5073 | D:6      | Reached skill level 7 in Spellcasting
  5285 | D:5      | Entered Level 5 of the Dungeon
  5290 | D:5      | Reached skill level 8 in Spellcasting
  5617 | D:5      | Noticed Menkaure
  5648 | D:5      | Killed Menkaure
  5649 | D:5      | Reached skill level 9 in Spellcasting
  5886 | D:4      | Reached skill level 1 in Evocations
  5948 | D:4      | Reached XP level 8. HP: 41/41 MP: 23/23
  6070 | D:4      | Reached * piety under Hepliaklqana
  6087 | D:4      | Identified the +1 ring mail "Jickerghecu" {rPois Regen+
                  | Int-3 SInv}
  6352 | D:4      | Found a shadowy altar of Dithmenos.
  6360 | D:4      | Found an ornate altar of the Wu Jian Council.
  6360 | D:4      | Found a basalt altar of Yredelemnul.
  6360 | D:4      | Found a sparkling altar of Nemelex Xobeh.
  6780 | D:5      | Noticed Duvessa
  6786 | D:5      | Noticed Dowan
  6786 | D:5      | Killed Duvessa
  6787 | D:5      | Reached skill level 10 in Spellcasting
  7007 | D:5      | Found a runed translucent door.
  7008 | D:5      | Noticed Crazy Yiuf
  7146 | D:5      | Noticed Pikel
  7148 | D:5      | Killed Pikel
  7149 | D:5      | Reached skill level 12 in Spellcasting
  7232 | D:5      | Killed Dowan
  7233 | D:5      | Reached skill level 1 in Fighting
  7619 | D:5      | Killed Crazy Yiuf
  7911 | D:6      | Found a blossoming altar of Fedhas.
  7922 | D:6      | Found a stormy altar of Qazlal.
  8056 | D:6      | Reached ** piety under Hepliaklqana
  8057 | D:6      | Remembered your ancestor Khalidah as a knight
  8151 | D:6      | Learned a level 2 spell: Blink
  8464 | D:7      | Reached XP level 9. HP: 42/42 MP: 27/27
  9124 | D:7      | Found Qagaeph's Magic Scroll Shoppe.
  9463 | D:8      | Noticed Joseph
  9549 | D:8      | Noticed Maurice
  9555 | D:8      | Killed Maurice
  9633 | D:8      | Reached skill level 5 in Air Magic
  9877 | D:8      | Found Poage's Assorted Antiques.
  9923 | D:8      | Bought an ivory wand for 116 gold pieces
  9923 | D:8      | Bought a white potion for 26 gold pieces
  9949 | D:8      | Noticed a troll
  9964 | D:8      | Killed a troll
 10082 | D:8      | Found a staircase to the Lair.
 10250 | D:8      | Killed Joseph
 10356 | D:8      | Reached skill level 1 in Transmutations
 10769 | D:9      | Reached *** piety under Hepliaklqana
 10776 | D:8      | Reached XP level 10. HP: 46/46 MP: 28/28
 11055 | D:8      | Reached skill level 5 in Transmutations
 11154 | D:9      | Killed by an exploding fulminant prism

Illustrated notes

Levels and vault maps discovered:
D:1:      minmay_arrival_four_circles, layout_basic, minmay_tromino_v7
D:2:      minmay_skewed_foursquare, layout_basic, serial_shops,
          nicolae_shop_behind_doors, minmay_misc_feat_enclosed, uniq_natasha
D:3:      layout_rooms, uniq_ijyb
D:4:      layout_gridville, minitemple, minmay_temple_entry_trees,
          minmay_close_crescents
D:5:      layout_basic, kennysheep_cross_room, st_stairs_4,
          uniq_crazy_yiuf_cottage, uniq_menkaure, uniq_pikel, uniq_duvessa
D:6:      layout_loops_cross, grunt_temple_overflow_forces_of_nature
D:7:      layout_basic, serial_shops, shop
D:8:      layout_cave_pools, erik_lair_island, serial_shops, shop, uniq_joseph,
          uniq_maurice
D:9:      layout_rooms, serial_corexii_hall, corexii_hall_statues_t,
          corexii_hall_statues_x, corexii_hall_statues_t,
          corexii_hall_statues_i, hellmonk_guarded_unrand_gong, uniq_psyche,
          uniq_prince_ribbit1
Temple:   nicolae_temple_bog_church

Skill      XL: |  1  2  3  4  5  6  7  8  9 10 |
---------------+-------------------------------+-----
Conjurations   | 5 6 |  6.0
Spellcasting   | 4 6 9 12 | 12.1
Hexes          | 3 5 |  5.1
Translocations | 1 |  1.2
Evocations     | 2 |  2.8
Fighting       | 1 |  1.0
Air Magic      | 2 8 |  8.6
Transmutations | 2 6 |  6.2
Dodging        | |  2.4
Stealth        | |  2.4

Action                   |  1- 3 |  4- 6 |  7- 9 | 10-12 || total
-------------------------+-------+-------+-------+-------++-------
 Cast: Magic Dart        |    39 |    11 |       |       ||    50
       Searing Ray       |    20 |    14 |    11 |       ||    45
       Fulminant Prism   |       |    27 |    87 |     6 ||   120
       Iskenderun's Myst |       |       |     9 |    14 ||    23
       Blink             |       |       |       |     3 ||     3
Invok: Ancestor Life: Kn |       |       |     1 |       ||     1
       Recall Ancestor   |       |       |     2 |     1 ||     3
  Use: Scroll            |     1 |     8 |     7 |       ||    16
Armor: Robe              |     1 |     2 |     5 |     1 ||     9
Dodge: Dodged            |    12 |     3 |    15 |    14 ||    44

Table legend: (Time is in decaauts)
 A = Elapsed time spent in this place.
 B = Non-inter-level travel time spent in this place.
 C = Inter-level travel time spent in this place.
 D = Time resting spent in this place.
 E = Time spent auto-exploring this place.
 F = Levels seen in this place.
 G = Mean time per level.
                   A        B        C        D        E       F      G
               +--------+--------+--------+--------+--------+-----+--------+
         Total |  11208 |  10774 |    434 |   1634 |   7604 |  10 | 1120.8 |
       Dungeon |  10492 |  10080 |    412 |   1334 |   7400 |   9 | 1165.8 |
        Temple |    716 |    695 |     21 |    300 |    204 |   1 |  716.0 |
               +--------+--------+--------+--------+--------+-----+--------+

Top non-repeatable levels by time:
     D:7: 1952 daAuts
     D:1: 1505 daAuts
     D:2: 1447 daAuts
     D:5: 1326 daAuts
     D:4: 1325 daAuts
     D:6: 1243 daAuts
     D:8: 1138 daAuts
  Temple: 716 daAuts
     D:3: 539 daAuts
     D:9: 14 daAuts
